 Dungeon Crawl Stone Soup version 0.20.1-1-g8b1a95d (webtiles) character file.

31 T0x1Ncl the Sneak (level 3, 0/24 HPs)
             Began as an Octopode Assassin on July 8, 2017.
             Slain by a quokka (4 damage)
             ... on level 2 of the Dungeon.
             The game lasted 00:10:42 (2155 turns).

T0x1Ncl the Sneak (Octopode Assassin)               Turns: 2155, Time: 00:10:42

Health: 0/24       AC:  1    Str: 10    XL:     3   Next: 22%
Magic:  3/3        EV: 13    Int: 13    God:
Gold:   32         SH:  0    Dex: 14    Spells: 2/2 levels left

rFire    . . .     SeeInvis .   g - +1 mace (protect)
rCold    + . .     Gourm    .   (no shield)
rNeg     . . .     Faith    .   (helmet restricted)
rPois    +         Spirit   .   (no amulet)
rElec    .         Reflect  .   m - ring of poison resistance
rCorr    .         Harm     .   f - ring of protection from cold
MR       .....                  (no ring)
Stlth    ++++......             (no ring)
Regen    0.1/turn               (no ring)
MPRegen  0.1/turn               (no ring)
                                (no ring)
                                (no ring)

@: no status effects
A: almost no armour, stealthy swim, amphibious, 8 rings, constrict 8, camouflage
1, gelatinous body 1
a: no special abilities


You were on level 2 of the Dungeon.
You were not hungry.

You visited 1 branch of the dungeon, and saw 2 of its levels.

You collected 32 gold pieces.

Inventory:

Hand Weapons
 a - a +2 dagger
 b - a +0 blowgun
 g - a +1 mace of protection (weapon)
 j - a +0 club
 k - a +0 club
Missiles
 c - 8 poisoned needles
 d - 2 curare-tipped needles
 h - 35 stones (quivered)
Armour
 e - a +0 leather armour
Jewellery
 f - a ring of protection from cold (right tentacle)
 m - a ring of poison resistance (left tentacle)
Scrolls
 p - a scroll of fog {unknown}
Potions
 i - a potion of flight {unknown}
 l - a potion of might {unknown}
Comestibles
 o - a chunk of flesh


   Skills:
 + Level 2.2 Fighting
 + Level 2.0 Short Blades
 + Level 2.0 Throwing
 + Level 1.2 Dodging
 + Level 6.5 Stealth


You had 2 spell levels left.
You didn't know any spells.

Dungeon Overview and Level Annotations

Branches:
Dungeon (2/15)

Altars:

Annotations:
D:2 Terence


Innate Abilities, Weirdness & Mutations

You cannot wear most types of armour.
You are very stealthy in the water. (Stealth+)
You are amphibious.
You can wear up to eight rings at the same time.
You can use your tentacles to constrict eight enemies at once.
Your skin changes colour to match your surroundings (Stealth+).
Your rubbery body absorbs attacks. (AC +1, EV +1)


Message History

You closely miss the quokka. You grab the quokka.
Your squeeze misses the quokka.
You constrict the quokka, but do no damage.
The quokka completely misses you. The quokka closely misses you.
The quokka barely misses you.
Terence hits you with a morningstar of protection!
The quokka completely misses you.
You release your grip on the quokka.
Found a scroll of blinking.
You barely miss the quokka. You grab the quokka.
You constrict the quokka, but do no damage.
The quokka closely misses you. The quokka bites you.
* * * LOW HITPOINT WARNING * * *
Terence hits you with a morningstar of protection.
* * * LOW HITPOINT WARNING * * *
The quokka completely misses you. The quokka closely misses you.
You completely miss the quokka. You constrict the quokka.
The quokka barely misses you. x2; Terence closely misses you.
The quokka bites you.
You die...

............###....
##................. >
................. #..
###.............#
.#...................#
......###............##
......................##
#...##r...............
#..@r............#..
........@....(.........#
....#...........<.......
......=.............†.##
?..#...........#####....
........................
.#............########†.
..##...####### ... #...


You could see Terence and 2 quokkas.

Vanquished Creatures
  An adder (D:2)
  3 dart slugs
  3 bats
  2 giant cockroaches (D:1)
  2 hobgoblins (D:1)
  A goblin (D:1)
  6 rats
18 creatures vanquished.

Notes
Turn   | Place    | Note
-------+----------+-------------------------------------------
     0 | D:1      | T0x1Ncl the Octopode Assassin began the quest for the Orb.
     0 | D:1      | Reached XP level 1. HP: 14/14 MP: 1/1
   557 | D:1      | Reached XP level 2. HP: 16/19 MP: 2/2
   871 | D:1      | Reached skill level 6 in Stealth
  2103 | D:1      | You fall through a shaft!
  2118 | D:2      | Reached XP level 3. HP: 23/24 MP: 3/3
  2137 | D:2      | Noticed Terence
  2155 | D:2      | Slain by a quokka

Skill      XL: |  1  2 |
---------------+-------+-----
Stealth        | 6 |  6.5
Fighting       | |  2.2
Short Blades   | |  2.0
Throwing       | |  2.0
Dodging        | |  1.2

Action                   || total
-------------------------++-------
Melee: Mace              ||    38
       Constrict         ||    13
       Tentacles         ||     5
  Use: Scroll            ||     1
 Stab: Sleeping          ||     6
  Eat: Bread ration      ||     1
Armor: Skin              ||    10
Dodge: Dodged            ||    45
